 Dungeon Sprint DCSS version 0.17-a0-1951-g62301d3 (webtiles) character file.

13186 hexophile the Fencer (level 12, -2/114 HPs)
             Began as a Formicid Fighter on Oct 2, 2015.
             Was the Champion of Makhleb.
             Slain by a stone giant (28 damage)
             ... in the Dungeon (Sprint IX: "|||||||||||||||||||||||||||||").
             The game lasted 00:08:37 (3359 turns).

hexophile the Fencer (Formicid Fighter)             Turns: 3359, Time: 00:08:37

Health: -2/114     AC: 13    Str: 23    XL:     12   Next: 29%
Magic:  24/24      EV:  4    Int: 10    God:    Makhleb [******]
Gold:   1151       SH: 10    Dex: 14    Spells: 0 memorised, 11 levels left

rFire  . . .     SeeInvis +     f - +2 scimitar (freeze)
rCold  . . .     Clarity  .     p - +0 plate armour
rNeg   . . .     SustAt   .     c - +0 shield
rPois  .         Gourm    .     (helmet unavailable)
rElec  .         Spirit   .     e - +0 cloak
rCorr  .         Warding  .     m - +0 pair of gloves
rMut   .         Stasis   +     (no boots)
MR     +....                    (no amulet)
Stlth  ..........               (no ring)
                                n - +3 ring of strength

@: somewhat resistant to hostile enchantments, extremely unstealthy
A: permanent stasis, dig shafts and tunnels, four strong arms, antennae 3
a: Dig, Minor Destruction, Lesser Servant of Makhleb, Major Destruction, Greater
Servant of Makhleb, Renounce Religion


You were in the Dungeon.
You worshipped Makhleb.
Makhleb was exalted by your worship.
You were not hungry.

You visited 1 branch You collected 1647 gold pieces.
You spent 496 gold pieces at shops.


Innate Abilities, Weirdness & Mutations

You are under a permanent stasis effect.
You can dig through walls and to a lower floor.
Your four strong arms can wield two-handed weapons with a shield.
You have a pair of large antennae on your head (SInv).

Inventory:

Hand weapons
 f - a +2 scimitar of freezing (weapon)
 o - a +2 scimitar of holy wrath
Armour
 c - a +0 shield (worn)
 e - a +0 cloak (worn)
 m - a +0 pair of gloves (worn)
 p - a +0 plate armour (worn)
Jewellery
 n - a +3 ring of strength (left hand)
Magical devices
 l - a wand of cold (2)
 w - a wand of polymorph (0)
Scrolls
 j - 4 scrolls of remove curse
 k - 2 scrolls of amnesia
 q - a scroll of fog
Potions
 a - a potion of might
 d - a potion of brilliance
 g - a potion of lignification
 h - a potion of invisibility
 i - 5 potions of magic
 s - a potion of curing
Comestibles
 t - 40 fruits
 u - 12 bread rations
 v - 12 meat rations


You had 11 spell levels left.
You didn't know any spells.


   Skills:
 + Level 17.3 Fighting
 - Level 18.6 Long Blades
 - Level 3.2 Armour
 - Level 3.6 Shields
 * Level 16.9 Invocations

Dungeon Overview and Level Annotations

Branches:
Dungeon (1/1)

Altars:
Cheibriados
Dithmenos
Elyvilon
Fedhas
Gozag
Kikubaaqudgha
Makhleb
Nemelex Xobeh
Okawaru
Qazlal
Ru
Sif Muna
Trog
Vehumet
Xom
Yredelemnul
Zin
The Shining One
Beogh
Jiyva
Lugonu

Shops:
D !(((

Vault maps used:
D:        linesprint

Vault maps used:
D:        linesprint
You       could see a stone giant and a friendly green death.


Message History

You slash Gastronok! You freeze Gastronok. You slice Gastronok!!
You freeze Gastronok. Gastronok bites you!!
You hit Gastronok but do no damage. You slash Gastronok! You freeze Gastronok.
You slash Gastronok! You freeze Gastronok. You block Gastronok's attack.
You slash Gastronok! You freeze Gastronok. You hit Gastronok but do no damage.
Your shield and plate armour prevent you from hitting Gastronok.
Gastronok bites you but does no damage.
You hit Gastronok but do no damage. You slash Gastronok! You freeze Gastronok.
You kill Gastronok!
Makhleb accepts your kill.
You feel better.
Your Fighting skill increases to level 17!
Your Invocations skill increases to level 16!
You see here the +3 hat of Pondering {ponderous, MR+ MP+10 Int+5}.
You start resting.
b - the +3 hat of Pondering {ponderous, MR+ MP+10 Int+5} Wear which item? (? for menu, Esc to quit)
Okay, then.
Wear which item? (? for menu, Esc to quit)
Okay, then.
You drop the +3 hat of Pondering {ponderous, MR+ MP+10 Int+5}.
The stone giant shouts!
The stone giant throws a large rock.
The large rock hits you but does no damage.
You see here a large rock.
The stone giant throws a large rock.
The large rock hits you!
You see here a large rock.
The stone giant throws a large rock.
You block the large rock.
You see here a large rock.
You slash the stone giant! You freeze the stone giant.
The stone giant hits you!
You hit the stone giant but do no damage.
You hit the stone giant but do no damage.
The stone giant hits you!!
You hit the stone giant but do no damage.
The stone giant hits you!!
* * * LOW HITPOINT WARNING * * *
You hit the stone giant but do no damage.
The stone giant hits you!!
* * * LOW HITPOINT WARNING * * *
Unknown command.
Drink which item? (? for menu, Esc to quit)
You feel much better. You block the stone giant's attack.
Drink which item? (? for menu, Esc to quit)
Okay, then.
A demon appears!
You feel somewhat more hungry. The stone giant hits you!!
You die...

Action                   |  1- 3 |  4- 6 |  7- 9 | 10-12 || total
-------------------------+-------+-------+-------+-------++-------
Melee: Long sword        |    32 |     4 |       |       ||    36
       Rapier            |       |    34 |    83 |   131 ||   248
       Scimitar          |       |       |       |    64 ||    64
Invok: Major Destruction |       |       |       |     9 ||     9
       Greater Servant o |       |       |       |     1 ||     1
Evoke: Wand              |       |     2 |     6 |     8 ||    16
  Use: Potion            |     1 |     1 |       |    13 ||    15
       Scroll            |       |       |     1 |     1 ||     2
  Eat: Bread ration      |       |       |     1 |       ||     1
       Chunk             |       |       |       |     5 ||     5

Notes
Turn   | Place    | Note
--------------------------------------------------------------
     0 | D        | hexophile the Formicid Fighter began the quest for the Orb.
     0 | D        | Reached XP level 1. HP: 18/18 MP: 1/1
    21 | D        | Reached skill level 4 in Long Blades
    30 | D        | Noticed a worker ant
    30 | D        | Noticed a worker ant
    30 | D        | Noticed a worker ant
    35 | D        | Reached XP level 2. HP: 21/24 MP: 2/2
    40 | D        | Killed a worker ant
    40 | D        | Reached skill level 6 in Long Blades
    40 | D        | Reached XP level 3. HP: 24/29 MP: 3/3
    41 | D        | Reached skill level 7 in Long Blades
    47 | D        | Killed a worker ant
    47 | D        | Reached skill level 8 in Long Blades
    47 | D        | Reached XP level 4. HP: 24/35 MP: 4/4
    51 | D        | Killed a worker ant
    51 | D        | Reached skill level 9 in Long Blades
    74 | D        | Found a glowing silver altar of Zin.
    74 | D        | Found a glowing golden altar of the Shining One.
    74 | D        | Found an ancient bone altar of Kikubaaqudgha.
    74 | D        | Found a basalt altar of Yredelemnul.
    74 | D        | Found a shimmering altar of Xom.
    74 | D        | Found a radiant altar of Vehumet.
    75 | D        | Found an iron altar of Okawaru.
    76 | D        | Found a burning altar of Makhleb.
    77 | D        | Found a deep blue altar of Sif Muna.
    78 | D        | Found a bloodstained altar of Trog.
    79 | D        | Found a sparkling altar of Nemelex Xobeh.
    80 | D        | Found a white marble altar of Elyvilon.
    81 | D        | Found a roughly hewn altar of Beogh.
    82 | D        | Found a viscous altar of Jiyva.
    83 | D        | Found a corrupted altar of Lugonu.
    84 | D        | Became a worshipper of Makhleb the Destroyer
    85 | D        | Found a blossoming altar of Fedhas.
    86 | D        | Found a snail-covered altar of Cheibriados.
    87 | D        | Found a shadowy altar of Dithmenos.
    88 | D        | Found a stormy altar of Qazlal.
    89 | D        | Found an opulent altar of Gozag.
    90 | D        | Found a sacrificial altar of Ru.
   247 | D        | Noticed a giant frog
   247 | D        | Noticed a scorpion
   247 | D        | Noticed an ice beast
   247 | D        | Noticed a wight
   247 | D        | Noticed a worker ant
   247 | D        | Noticed a hound
   266 | D        | Killed a scorpion
   266 | D        | Reached XP level 5. HP: 35/43 MP: 5/5
   270 | D        | Killed a giant frog
   270 | D        | Acquired Makhleb's first power
   270 | D        | Reached skill level 5 in Fighting
   270 | D        | Reached skill level 10 in Long Blades
   270 | D        | Reached XP level 6. HP: 33/52 MP: 6/6
   427 | D        | Noticed a hound
   427 | D        | Noticed an orc warrior
   427 | D        | Noticed a centaur warrior
   427 | D        | Noticed a cyclops
   427 | D        | Noticed a scorpion
   435 | D        | Killed a hound
   435 | D        | Reached skill level 11 in Long Blades
   439 | D        | Killed an orc warrior
   439 | D        | Acquired Makhleb's second power
   762 | D        | Killed a wight
   762 | D        | Reached skill level 12 in Long Blades
   762 | D        | Reached XP level 7. HP: 58/61 MP: 7/7
   787 | D        | Noticed a crocodile
   787 | D        | Noticed a spiny frog
   787 | D        | Noticed a giant frog
   787 | D        | Noticed a spiny frog
   787 | D        | Noticed a giant frog
   787 | D        | Noticed a komodo dragon
   793 | D        | Noticed a water moccasin
   794 | D        | Killed a komodo dragon
   794 | D        | Reached skill level 13 in Long Blades
   795 | D        | Killed a giant frog
   795 | D        | Acquired Makhleb's third power
   796 | D        | Killed a spiny frog
   796 | D        | Reached skill level 10 in Fighting
   796 | D        | Reached skill level 14 in Long Blades
   796 | D        | Reached XP level 8. HP: 27/72 MP: 8/8
   797 | D        | Killed a spiny frog
   797 | D        | Reached skill level 15 in Long Blades
   797 | D        | Killed a giant frog
   797 | D        | Acquired Makhleb's fourth power
   798 | D        | Noticed a hippogriff
   808 | D        | Killed a crocodile
   818 | D        | Noticed an iguana
   822 | D        | Killed a water moccasin
   822 | D        | Reached XP level 9. HP: 22/81 MP: 9/9
   822 | D        | Killed an iguana
   822 | D        | Acquired Makhleb's fifth power
   826 | D        | Killed a hippogriff
  1076 | D        | Noticed a porcupine
  1076 | D        | Noticed a black mamba
  1076 | D        | Noticed a water moccasin
  1076 | D        | Noticed a crocodile
  1076 | D        | Noticed a yak
  1076 | D        | Noticed a porcupine
  1078 | D        | Killed a porcupine
  1078 | D        | Reached skill level 16 in Long Blades
  1080 | D        | Noticed a spiny frog
  1082 | D        | Noticed a water moccasin
  1082 | D        | Killed a yak
  1088 | D        | Noticed a water moccasin
  1088 | D        | Killed a black mamba
  1092 | D        | Banished a water moccasin
  1095 | D        | Killed a porcupine
  1273 | D        | Noticed a wolf
  1273 | D        | Noticed a wolf
  1273 | D        | Noticed a wolf
  1273 | D        | Noticed a warg
  1273 | D        | Noticed a warg
  1274 | D        | Noticed a hell hound
  1280 | D        | Killed a warg
  1280 | D        | Reached skill level 17 in Long Blades
  1283 | D        | Noticed a warg
  1288 | D        | Noticed a wolf
  1290 | D        | Killed a wolf
  1294 | D        | Banished a hell hound
  1307 | D        | Killed a wolf
  1307 | D        | Reached XP level 10. HP: 70/91 MP: 10/10
  1311 | D        | Killed a warg
  1315 | D        | Killed a wolf
  1427 | D        | Noticed Psyche
  1436 | D        | Killed Psyche
  1478 | D        | Banished an ice beast
  1481 | D        | Noticed Urug
  1490 | D        | Banished Urug
  1490 | D        | Reached skill level 18 in Long Blades
  1522 | D        | Noticed an orc priest
  1522 | D        | Noticed an orc priest
  1522 | D        | Noticed an orc wizard
  1522 | D        | Noticed an orc wizard
  1524 | D        | Noticed an orc knight
  1527 | D        | Killed an orc wizard
  1528 | D        | Noticed an orc priest
  1530 | D        | Noticed a stone giant
  1531 | D        | Killed an orc priest
  1540 | D        | Noticed an orc priest
  1548 | D        | Noticed an orc wizard
  1563 | D        | Killed an orc priest
  1566 | D        | Noticed an orc wizard
  1569 | D        | Killed an orc priest
  1579 | D        | Killed an orc wizard
  1581 | D        | Killed an orc wizard
  1582 | D        | Banished an orc knight
  1815 | D        | Killed an orc wizard
  2129 | D        | Noticed an orc warrior
  2129 | D        | Noticed an orc warrior
  2129 | D        | Noticed an orc warrior
  2129 | D        | Noticed an orc knight
  2129 | D        | Noticed an orc warrior
  2129 | D        | Noticed an orc warrior
  2147 | D        | an orc warrior changed into a wyvern
  2168 | D        | Noticed an orc priest
  2171 | D        | Killed an orc warrior
  2182 | D        | Banished an orc warrior
  2184 | D        | Killed an orc priest
  2192 | D        | Killed an orc warrior
  2213 | D        | Noticed an orc warrior
  2522 | D        | Noticed an orc warrior
  2528 | D        | Killed an orc warrior
  2533 | D        | Killed an orc warrior
  2533 | D        | Reached skill level 5 in Invocations
  2540 | D        | Noticed an orc warrior
  2543 | D        | Banished an orc warrior
  2575 | D        | Noticed an orc warrior
  2576 | D        | Noticed an orc warrior
  2583 | D        | Killed an orc warrior
  2590 | D        | Killed an orc warrior
  2656 | D        | Found Kuts's Antique Weapon Boutique.
  2656 | D        | Noticed a deep troll
  2656 | D        | Noticed a deep troll
  2656 | D        | Noticed a troll
  2656 | D        | Noticed a deep troll
  2656 | D        | Noticed an ogre mage
  2658 | D        | Noticed an ogre mage
  2659 | D        | Killed a deep troll
  2660 | D        | Noticed an ogre mage
  2660 | D        | Killed an ogre mage
  2660 | D        | Reached XP level 11. HP: 101/101 MP: 14/17
  2660 | D        | Killed a troll
  2660 | D        | Reached skill level 15 in Fighting
  2672 | D        | Killed a deep troll
  2672 | D        | Reached skill level 10 in Invocations
  2676 | D        | Killed a deep troll
  2687 | D        | Killed an ogre mage
  2693 | D        | HP: 3/104 [ogre mage/fireball (30)]
  2697 | D        | HP: 1/104 [ogre mage/spear (3)]
  2709 | D        | Killed an ogre mage
  2987 | D        | Found Xuett's Weapon Shop.
  2991 | D        | Found Ygguots's Weapon Boutique.
  2993 | D        | Noticed an ogre mage
  2994 | D        | Found Hurroste's Distillery.
  3007 | D        | Killed an ogre mage
  3027 | D        | Noticed an ettin
  3028 | D        | Noticed a troll
  3032 | D        | Noticed an ogre mage
  3034 | D        | Noticed a troll
  3035 | D        | Killed an ettin
  3037 | D        | Killed a troll
  3044 | D        | Noticed a hill giant
  3047 | D        | Killed an ogre mage
  3047 | D        | Reached skill level 15 in Invocations
  3047 | D        | Reached XP level 12. HP: 46/113 MP: 23/23
  3052 | D        | Killed a troll
  3056 | D        | Killed a hill giant
  3158 | D        | Bought a +2 scimitar of freezing for 249 gold pieces
  3161 | D        | Bought a potion of lignification for 39 gold pieces
  3161 | D        | Bought a potion of magic for 104 gold pieces
  3161 | D        | Bought a potion of heal wounds for 65 gold pieces
  3161 | D        | Bought a potion of curing for 39 gold pieces
  3317 | D        | Noticed Gastronok
  3335 | D        | Killed Gastronok
  3359 | D        | Slain by a stone giant

Table legend:
 A = Turns spent in this place as a percentage of turns spent in the entire game.
 B = Non-inter-level travel turns spent in this place as a percentage of non-inter-level travel turns spent in the entire game.
 C = Inter-level travel turns spent in this place as a percentage of turns spent in this place.
 D = Turns resting spent in this place as a percentage of non-inter-level travel turns spent in this place.
 E = Turns spent auto-exploring this place as a percentage of non-inter-level travel turns spent in this place.
 F = Non-inter-level travel turns spent in this place divided by the number of levels of this place that you've seen.
                   A       B       C       D       E      F
               +-------+-------+-------+-------+-------+----------------------
         Total | 100.0 | 100.0 |   0.2 |   3.2 |   2.3 | 1575.0
       Dungeon | 100.0 | 100.0 |   0.2 |   3.2 |   2.3 | 1575.0
               +-------+-------+-------+-------+-------+----------------------

Table legend:
 A = Kills in this place as a percentage of kills in entire the game.
 B = Kills by you in this place as a percentage of kills by you in the entire game.
 C = Kills by friends in this place as a percentage of kills by friends in the entire game.
 D = Other kills in this place as a percentage of other kills in the entire game.
 E = Experience gained in this place as a percentage of experience gained in the entire game.
 F = Experience gained in this place divided by the number of levels of this place that you have seen.
                   A       B       C       D       E      F
               +-------+-------+-------+-------+-------+----------------------
         Total | 100.0 | 100.0 |  -nan | 100.0 | 100.0 | 18838.0
       Dungeon | 100.0 | 100.0 |  -nan | 100.0 | 100.0 | 18838.0
               +-------+-------+-------+-------+-------+----------------------

Vanquished Creatures
  Gastronok (D)
  An ettin (D)
  5 ogre magi (D)
  A hill giant (D)
  3 deep trolls (D)
  A black mamba (D)
  Psyche (D)
  2 spiny frogs (D)
  A komodo dragon (D)
  3 trolls (D)
  A wyvern (D)
  A yak (D)
  3 wolves (D)
  A hippogriff (D)
  A water moccasin (D)
  2 wargs (D)
  7 orc warriors (D)
  2 porcupines (D)
  A crocodile (D)
  3 giant frogs (D)
  A scorpion (D)
  A wight (D)
  4 orc wizards (D)
  4 orc priests (D)
  A hound (D)
  An iguana (D)
  3 worker ants (D)
  An adder (D)
  4 orcs (D)
  2 giant cockroaches (D)
  A goblin (D)
  A hobgoblin (D)
  A bat (D)
  A kobold (D)
67 creatures vanquished.

Vanquished Creatures (others)
  An orc knight (D)
  2 orc warriors (D)
  A water moccasin (D)
  A hell hound (D)
  An ice beast (D)
6 creatures vanquished.

Grand Total: 73 creatures vanquished
